 Dungeon Crawl Stone Soup version 0.23.2-1-ga50397a6bc (webtiles) character file.

Game seed: 13865024718966004524

13991 Dommiel19 the Bludgeoner (level 11, -9/104 HPs)
             Began as a Minotaur Abyssal Knight on May 19, 2019.
             Was an Elder of Lugonu.
             Mangled by an ice beast (13 damage)
             ... on level 1 of the Lair of Beasts on May 22, 2019.
             The game lasted 00:22:08 (13348 turns).

Dommiel19 the Bludgeoner (Minotaur Abyssal Knight) Turns: 13348, Time: 00:22:08

Health: -9/104     AC: 12    Str: 20    XL:     11   Next: 82%
Magic:  17/17      EV:  8    Int: 11    God:    Lugonu [****..]
Gold:   799        SH:  0    Dex: 14    Spells: 10/10 levels left

rFire    . . .     SeeInvis .   l - +2 dire flail (venom)
rCold    . . .     Gourm    .   (shield currently unavailable)
rNeg     . . .     Faith    .   o - +0 chain mail
rPois    .         Spirit   .   (helmet restricted)
rElec    .         Reflect  .   d - +0 cloak
rCorr    .         Harm     .   n - +1 pair of gloves
MR       +....                  (no boots)
Stlth    ..........             (no amulet)
HPRegen  0.27/turn              i - ring of protection from magic
MPRegen  0.15/turn              j - +4 ring of dexterity

@: no status effects
A: retaliatory headbutt, hooves 1, horns 2, blink, clever 1, sense surroundings
1
a: Blink, Depart the Abyss, Bend Space, Banish, Corrupt, Renounce Religion


You were on level 1 of the Lair of Beasts.
You worshipped Lugonu.
Lugonu was greatly pleased with you.
You were not hungry.

You visited 2 branches of the dungeon, and saw 11 of its levels.
You visited the Abyss 1 time.
You also visited: Sewer.

You collected 799 gold pieces.

Inventory:

Hand Weapons
 l - a +2 dire flail of venom (weapon)
Armour
 d - a +0 cloak (worn)
 n - a +1 pair of gloves (worn)
 o - a +0 chain mail (worn)
Jewellery
 b - an uncursed ring of stealth
 i - a ring of protection from magic (left hand)
 j - a +4 ring of dexterity (right hand)
 q - an uncursed ring of positive energy
Wands
 m - a wand of scattershot (8)
 p - a wand of iceblast (10)
Scrolls
 e - 4 scrolls of identify
 f - 6 scrolls of remove curse
 g - a scroll of silence {unknown}
 h - 6 scrolls of teleportation
Potions
 a - 2 potions of curing
 k - 3 potions of flight
 r - a potion of invisibility
Comestibles
 c - 27 rations


   Skills:
 + Level 12.0 Fighting
 * Level 15.7 Maces & Flails
 - Level 2.4 Armour
 - Level 1.1 Dodging
 + Level 9.4 Invocations


You had 10 spell levels left.
You didn't know any spells.
Your spell library contained the following spells:

 Spells                   Type           Power        Failure   Level  Hunger
 Confusing Touch          Hex            #.....       98%         1    ##.....
 Confuse                  Hex            #.......     100%        3    ####...
 Gell's Gravitas          Tloc           #.........   100%        3    ####...
 Petrify                  Tmut/Erth      #.......     100%        4    #####..
 Metabolic Englaciation   Hex/Ice        #.........   100%        5    ######.
 Yara's Violent Unravell  Hex/Tmut       #.........   100%        5    ######.


Dungeon Overview and Level Annotations

Branches:
Dungeon (9/15)             Temple (0/1) D:4            Lair (2/6) D:9
  Swamp: Lair:2-4    Shoals: Lair:2-4     Snake: Lair:2-4    Spider: Lair:2-4
    Orc: D:9-12

Altars:
Cheibriados
Qazlal

Shops:
D:4 *=[   D:5 }?*(}   D:9 =

Annotations:
Abyss:1 Menkaure


Innate Abilities, Weirdness & Mutations

You reflexively headbutt those who attack you in melee.
You have a pair of horns on your head.
You have large cloven feet.
You can translocate small distances at will.
Your mind is acute. (Int +2)
You passively map a small area around you.


Message History

The ice beast hits you but does no damage.
The ice beast hits you but does no damage.
The ice beast hits you. The ice beast freezes you!
The ice beast hits you but does no damage.
The ice beast hits you.
* * * LOW HITPOINT WARNING * * *
The ice beast freezes you!
* * * LOW HITPOINT WARNING * * *
You sock the ice beast!
You kick the ice beast, but do no damage.
You headbutt the ice beast.
The ice beast is heavily wounded.
The ice beast hits you but does no damage.
The crocodile bites you!
* * * LOW HITPOINT WARNING * * *
The ice beast hits you but does no damage.
The ice beast hits you.
* * * LOW HITPOINT WARNING * * *
The ice beast freezes you!
You die...

* * , * .......
.......* * , ,
....... ,...#
....... #...#
.......## * ...#
........#####..#*
,
#......tY#.#...#
#......Y@...).#
###....Y#Y...##
##..####...## ,
### ##...# ##.##
##.# * #.## #..#
##.##


You could see a crocodile and 4 ice beasts.

Vanquished Creatures
  2 hydras
  Harold (Lair:1)
  A two-headed ogre (D:9)
  The ghost of Freyura the Blocker, a novice GnFi of Ashenzari (D:9)
  A cyclops (D:9)
  2 black mambas (Lair:1)
  2 rime drakes (Lair:2)
  2 spiny frogs
  A komodo dragon (Lair:2)
  A troll (D:9)
  3 blink frogs (Lair:1)
  4 hippogriffs
  A hungry ghost (D:9)
  Duvessa (D:6)
  3 porcupines
  2 water moccasins
  8 ice beasts
  2 orc warriors (D:8)
  A phantom (D:4)
  4 black bears
  A sky beast (D:6)
  5 ogres
  6 wolves (Lair:2)
  4 centaurs
  2 crocodiles
  Blork the orc (D:6)
  2 big kobolds
  3 bullfrogs
  A wyvern zombie (D:9)
  Dowan (D:6)
  6 scorpions
  A water moccasin skeleton (D:4)
  3 killer bees (D:9)
  4 wights (D:8)
  An electric eel (Lair:1)
  4 crimson imps
  A bullfrog zombie (D:8)
  A centaur zombie (D:5)
  3 hounds
  3 orc priests
  10 orc wizards
  Crazy Yiuf (D:2)
  An iron imp (D:8)
  Ijyb (D:4)
  Terence (D:2)
  3 iguanas
  A merfolk siren (Sewer)
  4 worker ants
  A merfolk avatar (Sewer)
  2 worker ant zombies
  4 gnolls (D:9)
  3 river rats
  12 adders
  3 adder skeletons
  5 worms
  2 dart slugs
  4 leopard geckos
  25 orcs
  7 giant cockroaches
  5 goblins
  7 hobgoblins
  11 jackals
  14 kobolds
  3 quokkas
  7 ball pythons
  5 bats
  11 frilled lizards
  A jackal zombie (D:5)
  A leopard gecko skeleton (D:4)
  A leopard gecko zombie (D:8)
  27 rats
  A fungus (D:2)
280 creatures vanquished.

Vanquished Creatures (others)
  2 hydras
2 creatures vanquished.

Grand Total: 282 creatures vanquished

Notes
Turn   | Place    | Note
-------+----------+-------------------------------------------
     0 | Abyss:1  | Dommiel19 the Minotaur Abyssal Knight began the quest for
                  | the Orb.
     0 | Abyss:1  | Reached XP level 1. HP: 19/19 MP: 1/1
    40 | Abyss:1  | Noticed a small abomination
    46 | D:1      | Escaped the Abyss
   170 | D:1      | Reached skill level 3 in Maces & Flails
   172 | D:1      | Reached XP level 2. HP: 23/27 MP: 2/2
   211 | D:1      | Reached * piety under Lugonu
   948 | D:2      | Reached XP level 3. HP: 27/33 MP: 3/3
  1018 | D:2      | Noticed Terence
  1026 | D:2      | Killed Terence
  1026 | D:2      | Reached skill level 4 in Maces & Flails
  1347 | D:2      | Reached XP level 4. HP: 35/41 MP: 4/4
  2100 | D:2      | Found a runed translucent door.
  2101 | D:2      | Noticed Crazy Yiuf
  2104 | D:2      | Gained mutation: You have large cloven feet. [potion of
                  | mutation]
  2104 | D:2      | Gained mutation: Your mind is acute. (Int +2) [potion of
                  | mutation]
  2104 | D:2      | Gained mutation: You passively map a small area around you.
                  | [potion of mutation]
  2104 | D:2      | Gained mutation: You can translocate small distances at
                  | will. [potion of mutation]
  2124 | D:2      | Killed Crazy Yiuf
  2124 | D:2      | Reached skill level 5 in Maces & Flails
  2368 | D:3      | Noticed a fire elemental
  2378 | D:3      | Reached skill level 5 in Fighting
  2378 | D:3      | Reached XP level 5. HP: 41/48 MP: 5/5
  2386 | D:3      | Found a stormy altar of Qazlal.
  2388 | D:3      | Noticed an air elemental
  2405 | D:3      | Noticed a water elemental
  2474 | D:3      | Found a faded altar of an unknown god.
  2853 | D:4      | Found Laum's General Store.
  2977 | D:4      | Reached skill level 6 in Maces & Flails
  2987 | D:4      | Found Rapsitos's Antique Armour Boutique.
  3053 | D:4      | Reached XP level 6. HP: 56/56 MP: 6/6
  3130 | D:4      | Found a staircase to the Ecumenical Temple.
  3152 | D:4      | Reached ** piety under Lugonu
  3204 | D:4      | Noticed Ijyb
  3213 | D:4      | Reached skill level 7 in Maces & Flails
  3237 | D:4      | Killed Ijyb
  3453 | D:4      | Found Goguc's Jewellery Shoppe.
  3543 | D:4      | Reached XP level 7. HP: 47/63 MP: 6/8
  3690 | D:5      | Entered Level 5 of the Dungeon
  3782 | D:5      | Found Neozoc's Gadget Emporium.
  3788 | D:5      | Found Wotanwue's Magic Scroll Shop.
  3806 | D:5      | Reached skill level 8 in Maces & Flails
  4388 | D:5      | Found Xotunu's Antique Weapon Shoppe.
  4515 | D:5      | Found Bymut's Assorted Antiques.
  4541 | D:5      | Found Uqiluull's Gadget Shop.
  4648 | D:5      | Reached XP level 8. HP: 68/73 MP: 9/9
  4690 | D:6      | Reached *** piety under Lugonu
  4696 | D:6      | Reached skill level 9 in Maces & Flails
  4786 | D:6      | Found a glowing drain.
  4802 | D:6      | Noticed Duvessa
  4803 | D:6      | Noticed Dowan
  4805 | D:6      | Noticed Blork the orc
  4807 | Sewer    | Entered a sewer
  5114 | Sewer    | Reached **** piety under Lugonu
  5745 | D:6      | Reached skill level 10 in Maces & Flails
  5763 | D:6      | Noticed Menkaure
  5774 | D:6      | Banished Menkaure
  5774 | D:6      | Reached skill level 5 in Invocations
  6145 | D:6      | Killed Blork the orc
  6285 | D:6      | Identified a scroll of acquirement
  6435 | D:6      | Killed Dowan
  6452 | D:6      | Killed Duvessa
  6452 | D:6      | Reached XP level 9. HP: 21/82 MP: 11/11
  6758 | D:7      | Reached skill level 11 in Maces & Flails
  7301 | D:8      | Found a snail-covered altar of Cheibriados.
  7695 | D:8      | Reached skill level 12 in Maces & Flails
  7701 | D:8      | Reached ***** piety under Lugonu
  7947 | D:8      | Reached XP level 10. HP: 69/91 MP: 12/14
  8846 | D:9      | Found a staircase to the Lair.
  9010 | D:9      | Found Osaax's Jewellery Shoppe.
  9048 | D:9      | Noticed a two-headed ogre
  9058 | D:9      | Killed a two-headed ogre
  9058 | D:9      | Reached skill level 10 in Fighting
  9058 | D:9      | Reached skill level 13 in Maces & Flails
  9365 | D:9      | Found a runed translucent door.
  9367 | D:9      | Noticed Freyura's ghost (novice GnFi)
  9424 | D:9      | Noticed a cyclops
  9432 | D:9      | Killed Freyura's ghost
  9440 | D:9      | Killed a cyclops
  9613 | Lair:1   | Entered Level 1 of the Lair of Beasts
  9638 | Lair:1   | Noticed a four-headed hydra
  9648 | Lair:1   | Killed a four-headed hydra
  9648 | Lair:1   | Reached skill level 14 in Maces & Flails
  9902 | Lair:1   | Noticed a black mamba
  9903 | Lair:1   | Noticed a spiny frog
  9904 | Lair:1   | Noticed a seven-headed hydra
  9906 | Lair:1   | Killed a black mamba
  9906 | Lair:1   | Reached XP level 11. HP: 101/101 MP: 16/16
 10918 | Lair:2   | Noticed a four-headed hydra
 10935 | Lair:2   | Killed a four-headed hydra
 11399 | Lair:2   | Noticed an eight-headed hydra
 11746 | Lair:2   | Banished an eight-headed hydra
 12162 | Lair:1   | Reached skill level 15 in Maces & Flails
 12172 | Lair:1   | Banished a seven-headed hydra
 12932 | Lair:1   | Noticed Harold
 12945 | Lair:1   | Killed Harold
 13348 | Lair:1   | HP: 4/104 [ice beast (2)]
 13348 | Lair:1   | Mangled by an ice beast

Skill      XL: |  1  2  3  4  5  6  7  8  9 10 11 |
---------------+----------------------------------+-----
Maces & Flails | 3 4 5 6 7 8 10 12 14 15 | 15.7
Fighting       | 4 5 6 7 8 9 10 12 | 12.0
Invocations    | 2 3 5 6 8 9 |  9.4
Armour         | |  2.4
Dodging        | |  1.1

Action                   |  1- 3 |  4- 6 |  7- 9 | 10-12 || total
-------------------------+-------+-------+-------+-------++-------
Melee: Mace              |    80 |   139 |   212 |       ||   431
       Headbutt          |    11 |    24 |    60 |    47 ||   142
       Kick              |       |    26 |    94 |    74 ||   194
       Dire flail        |       |       |   136 |   244 ||   380
Invok: Depart the Abyss  |     1 |       |       |       ||     1
       Banish            |       |       |     1 |     7 ||     8
 Abil: Blink             |       |       |       |     2 ||     2
  Use: Potion            |     4 |     2 |     6 |       ||    12
       Scroll            |     4 |     2 |     8 |     3 ||    17
  Eat: Chunk             |     1 |     4 |    14 |    13 ||    32
       Ration            |       |     1 |       |     3 ||     4
Armor: Scale mail        |    19 |    54 |    86 |    18 ||   177
       Leather armour    |     7 |       |       |       ||     7
       Chain mail        |       |       |       |    92 ||    92
Dodge: Dodged            |    54 |    68 |   160 |   105 ||   387
